 Dungeon Crawl Stone Soup version 0.29-a0-1052-g6990b1bffc (webtiles) character file.

Game seed: 10633344886221297225

870 Newt the Vexing (level 8, -1/44 HPs)
             Began as a Kobold Arcane Marksman on Aug 18, 2022.
             Slain by an iguana (8 damage)
             ... on level 5 of the Dungeon.
             The game lasted 00:19:53 (7104 turns).

Newt the Vexing (Kobold Arcane Marksman)            Turns: 7104, Time: 00:19:54

Health: -1/44      AC:  4    Str:  9    XL:     8   Next: 24%
Magic:  11/11      EV: 14    Int: 15    God:
Gold:   494        SH:  0    Dex: 15    Spells: 4/11 levels left

rFire   . . .      SeeInvis .   a - +2 sling (flame)
rCold   . . .      Faith    .   (no shield)
rNeg    . . .      Spirit   .   m - +1 leather armour
rPois   .          Reflect  .   (no helmet)
rElec   .          Harm     .   (no cloak)
rCorr   .          Rampage  .   (no gloves)
Will    .....                   (no boots)
Stlth   +++.......              o - amulet of magic regeneration
HPRegen 0.14/turn               (no ring)
MPRegen 0.52/turn               (no ring)

@: no status effects
A: small, no large weapons, nightstalker 3
a: no special abilities


You were on level 5 of the Dungeon.
You visited 1 branch of the dungeon, and saw 5 of its levels.
You also visited: Ossuary.

You collected 494 gold pieces.

Inventory:

Hand Weapons
 a - a +2 sling of flaming (weapon)
 b - a +3 whip
 v - a +2 long sword of freezing
Missiles
 k - 5 boomerangs
Armour
 c - a +0 robe
 m - a +1 leather armour (worn)
Jewellery
 o - an amulet of magic regeneration (around neck)
 s - a ring of wizardry
Wands
 t - a wand of charming (8)
 w - a wand of flame (15)
Scrolls
 d - a scroll of enchant armour
 e - a scroll of noise
 h - a scroll of teleportation
 i - a scroll of vulnerability {unknown}
 j - 3 scrolls of enchant weapon
 l - 2 scrolls of poison
 p - a scroll of blinking {unknown}
 q - a scroll of brand weapon
 r - a scroll of fear {unknown}
 x - a scroll of identify
 y - a scroll of butterflies
 A - a scroll of summoning {unknown}
Potions
 f - 2 potions of curing
 g - a potion of brilliance {unknown}
 n - a potion of mutation {unknown}
 u - 2 potions of flight {unknown}
 z - a potion of resistance {unknown}


   Skills:
 - Level 2.0 Fighting
 - Level 3.0 Maces & Flails
 - Level 6.0 Ranged Weapons
 - Level 2.4 Dodging
 - Level 2.0 Stealth
 - Level 2.0 Spellcasting
 - Level 6.0 Hexes
 + Level 3.9 Evocations


You had 4 spell levels left.
You knew the following spells:

 Your Spells              Type           Power      Damage    Failure   Level
a - Slow                  Hex            76%        N/A       2%          1
b - Confusing Touch       Hex            19%        N/A       8%          3
c - Tukima's Dance        Hex            19%        N/A       8%          3

Your spell library contained the following spells:

 Spells                   Type           Power      Damage    Failure   Level
 Inner Flame              Hex/Fire       10%        N/A       26%         3
 Portal Projectile        Hex/Tloc       20%        N/A       26%         3
 Cause Fear               Hex            9%         N/A       26%         4
 Foxfire                  Conj/Fire      4%         2x1d4     30%         1
 Magic Dart               Conj           4%         1d3       30%         1
 Necrotise                Necr           4%         1d4       30%         1
 Blink                    Tloc           2%         N/A       43%         2
 Searing Ray              Conj           2%         2d4       43%         2
 Fulminant Prism          Conj/Hex       5%         3d7       65%         4
 Conjure Flame            Conj/Fire      1%         6-21      67%         3
 Lesser Beckoning         Tloc           1%         N/A       67%         3
 Vampiric Draining        Necr           1%         2d6       67%         3
 Flame Wave               Conj/Fire      1%         2d4       97%         4
 Passage of Golubria      Tloc           1%         N/A       97%         4
 Yara's Violent Unravell  Hex/Tmut       5%         3d4       94%         5
 Agony                    Necr           1%         N/A       100%        5
 Manifold Assault         Tloc           1%         N/A       100%        5


Dungeon Overview and Level Annotations

Branches:
Dungeon (5/15)            Ossuary (visited)
 Temple: D:4-7

Altars:
Ashenzari
Kikubaaqudgha
Okawaru
Trog
Vehumet
The Shining One

Shops:
D:1 :


Innate Abilities, Weirdness & Mutations

You are small and have problems with some larger weapons.
You are completely attuned to the shadows.


Message History

You shoot a sling bullet. The sling bullet hits the iguana.
The sling bullet burns the iguana.
The iguana is severely wounded.
You are too injured to fight recklessly!
Fire: a) +2 sling (flame)
Press: ? - help, Shift-Dir - straight line, f/p - iguana
Aim: an iguana (severely wounded, slow, 66% to hit)
You shoot a sling bullet.
The sling bullet hits the iguana but does no damage.
The iguana is severely wounded.
Unknown command.
Fire: a) +2 sling (flame)
Press: ? - help, Shift-Dir - straight line, f/p - iguana
Aim: an iguana (severely wounded, slow, 66% to hit)
You shoot a sling bullet.
The sling bullet barely misses the iguana.
Unknown command.
You see here 8 stones.
Casting: Slow (safe; 2% risk of failure)
Confirm with . or Enter, or press ? or * to list all spells.
Aiming: Slow (safe; 2% risk of failure)
Press: ? - help, Shift-Dir - straight line, f/p - iguana
Aim: an iguana (heavily wounded, chance to affect: 67%)
The iguana struggles to resist.
Casting: Slow (safe; 2% risk of failure)
Confirm with . or Enter, or press ? or * to list all spells.
Aiming: Slow (safe; 2% risk of failure)
Press: ? - help, Shift-Dir - straight line, f/p - iguana
Aim: an iguana (heavily wounded, chance to affect: 67%)
The iguana struggles to resist.
Casting: Slow (safe; 2% risk of failure)
Confirm with . or Enter, or press ? or * to list all spells.
Aiming: Slow (safe; 2% risk of failure)
Press: ? - help, Shift-Dir - straight line, f/p - iguana
Aim: an iguana (heavily wounded, chance to affect: 67%)
The iguana struggles to resist.
The iguana attacks as you move away! The iguana bites you!
* * * LOW HITPOINT WARNING * * *
The iguana attacks as you move away! The iguana bites you!
You die...

###############################
#.......(....l@........).......
###......########################
............>.# ..l.....l.....#
......##......# ###...........#
...........## ...........#
..........######


You could see an iguana.

Vanquished Creatures
  Menkaure (D:5)
  A black bear (D:3)
  An ogre (D:5)
  An elf zombie (Ossuary)
  Terence (D:3)
  3 iguanas
  2 mummies (Ossuary)
  3 gnolls
  6 adders
  A white imp (D:5)
  2 ufetubi (D:4)
  5 worms
  3 dart slugs
  3 orcs (D:3)
  A bat zombie (D:4)
  8 endoplasms
  2 giant cockroaches
  3 gnoll zombies (Ossuary)
  5 goblins
  6 hobgoblins
  3 jackals (D:1)
  4 quokkas
  5 ball pythons (D:1)
  3 bats
  A frilled lizard (D:1)
  4 goblin zombies (Ossuary)
  4 hobgoblin zombies (Ossuary)
  7 kobolds
  2 orc zombies (Ossuary)
  10 rats
  A rat zombie (D:4)
102 creatures vanquished.

Vanquished Creatures (collateral kills)
  Sigmund (D:3)
  An orc (D:3)
2 creatures vanquished.

Vanquished Creatures (others)
  A dancing weapon (D:3)
  3 plants (D:1)
4 creatures vanquished.

Grand Total: 108 creatures vanquished

Notes
Turn   | Place    | Note
-------+----------+-------------------------------------------
     0 | D:1      | Newt the Kobold Arcane Marksman began the quest for the
                  | Orb.
     0 | D:1      | Reached XP level 1. HP: 12/12 MP: 2/2
    47 | D:1      | Reached skill level 1 in Stealth
    75 | D:1      | Reached XP level 2. HP: 16/16 MP: 3/3
   416 | D:1      | Reached XP level 3. HP: 18/20 MP: 4/4
   692 | D:1      | Found Eheumij's Vocational Training.
  1255 | D:2      | Reached XP level 4. HP: 25/25 MP: 5/5
  1728 | D:2      | Learned a level 3 spell: Confusing Touch
  2843 | D:2      | Reached XP level 5. HP: 23/30 MP: 4/7
  2949 | D:2      | Found a faded altar of an unknown god.
  3157 | D:3      | Learned a level 3 spell: Tukima's Dance
  3163 | D:3      | Found a broken altar of Ashenzari.
  3255 | D:3      | Noticed Terence
  3269 | D:3      | Killed Terence
  3909 | D:3      | Noticed Sigmund
  3923 | D:3      | Killed Sigmund
  3924 | D:3      | Reached XP level 6. HP: 32/35 MP: 9/9
  3991 | D:3      | Noticed a moth of wrath
  3994 | D:3      | Found a bloodstained altar of Trog.
  4155 | D:4      | Found a sand-covered staircase.
  4158 | D:4      | Noticed a black bear
  4241 | D:3      | Killed a black bear
  4242 | D:3      | Reached skill level 5 in Ranged Weapons
  4242 | D:3      | Reached XP level 7. HP: 11/40 MP: 10/10
  4489 | Ossuary  | Entered an ossuary
  4882 | Ossuary  | Reached skill level 1 in Maces & Flails
  5529 | D:4      | Found an iron altar of Okawaru.
  5584 | D:4      | Found an ancient bone altar of Kikubaaqudgha.
  5681 | D:4      | Found a radiant altar of Vehumet.
  5798 | D:4      | Found a glowing golden altar of the Shining One.
  6535 | D:5      | Entered Level 5 of the Dungeon
  6878 | D:5      | Noticed Menkaure
  6879 | D:5      | Reached XP level 8. HP: 44/44 MP: 11/11
  6882 | D:5      | Killed Menkaure
  7104 | D:5      | Slain by an iguana

Illustrated notes

Levels and vault maps discovered:
D:1:      psy_arrival_conway, layout_rooms, nicolae_shop_vocational
D:2:      layout_rooms, hellmonk_ecumenical_altar_run_dry
D:3:      minmay_chambers_of_twos, layout_loops_ring, tgw_trog,
          nicolae_ashenzari_skybound, uniq_terence, uniq_sigmund
D:4:      layout_loops_ring, overflow_temple_1_default, vehumet_altar_wand_db,
          mainiacjoe_overflow_alcove_2, lemuel_zombie_altar_kikubaaqudgha,
          nicolae_ossuary_entry_ruins
D:5:      nicolae_cairo_tiling_large, layout_basic, led_sif_book,
          fedhas_altar_decomposition, uniq_menkaure

Skill      XL: |  1  2  3  4  5  6  7  8 |
---------------+-------------------------+-----
Stealth        | 2 |  2.0
Ranged Weapons | 3 4 5 6 |  6.0
Hexes          | 4 6 |  6.0
Fighting       | 2 |  2.0
Spellcasting   | 2 |  2.0
Maces & Flails | 3 |  3.0
Evocations     | 2 3 |  3.9
Dodging        | |  2.4

Action                   |  1- 3 |  4- 6 |  7- 9 || total
-------------------------+-------+-------+-------++-------
Melee: Sling             |       |     1 |       ||     1
       Whip              |       |       |    18 ||    18
       Unarmed           |       |       |     1 ||     1
       Punch             |       |       |     1 ||     1
 Fire: Sling             |    86 |   190 |   167 ||   443
 Cast: Slow              |     6 |    30 |    10 ||    46
       Tukima's Dance    |       |     2 |     2 ||     4
       Confusing Touch   |       |     1 |     6 ||     7
Evoke: Wand              |       |       |     4 ||     4
  Use: Scroll            |     1 |     5 |     2 ||     8
Armor: Robe              |     5 |    13 |     4 ||    22
       Leather armour    |       |       |    11 ||    11
Dodge: Dodged            |    59 |    95 |   112 ||   266

Table legend: (Time is in decaauts)
 A = Elapsed time spent in this place.
 B = Non-inter-level travel time spent in this place.
 C = Inter-level travel time spent in this place.
 D = Time resting spent in this place.
 E = Time spent auto-exploring this place.
 F = Levels seen in this place.
 G = Mean time per level.
                   A        B        C        D        E       F      G
               +--------+--------+--------+--------+--------+-----+--------+
         Total |   7185 |   7011 |    174 |   2690 |   1906 |   6 | 1197.5 |
       Dungeon |   6493 |   6319 |    174 |   2248 |   1852 |   5 | 1298.6 |
       Ossuary |    691 |    691 |      0 |    442 |     54 |   1 |  691.0 |
               +--------+--------+--------+--------+--------+-----+--------+

Top non-repeatable levels by time:
     D:2: 1565 daAuts
     D:1: 1561 daAuts
     D:4: 1422 daAuts
     D:3: 1376 daAuts
 Ossuary: 691 daAuts
     D:5: 568 daAuts
